 Dungeon Crawl Stone Soup version 0.29-a0-553-g81b289dbe5 (webtiles) character file.

Game seed: 2498138450231279672

16 Hubjo the Insei (level 2, -12/22 HPs)
             Began as a Demonspawn Transmuter on June 6, 2022.
             Mangled by a polar bear (26 damage)
             ... created by the rage of Trog
             ... on level 1 of the Dungeon.
             The game lasted 00:01:44 (522 turns).

Hubjo the Insei (Demonspawn Transmuter)              Turns: 522, Time: 00:01:44

Health: -12/22     AC:  2    Str: 10    XL:     2   Next: 37%
Magic:  5/5        EV: 12    Int: 14    God:
Gold:   58         SH:  0    Dex: 13    Spells: 4/5 levels left

rFire   . . .      SeeInvis .     - Unarmed
rCold   . . .      Faith    .   (no shield)
rNeg    . . .      Spirit   .   a - +0 robe
rPois   .          Reflect  .   (no helmet)
rElec   .          Harm     .   (no cloak)
rCorr   .          Rampage  .   (no gloves)
Will    .....                   (no boots)
Stlth   +.........              d - amulet of magic regeneration
HPRegen 0.07/turn               (no ring)
MPRegen 0.49/turn               (no ring)

@: brilliant, flying, hasted, very quick
A: powered by pain 1
a: no special abilities


You were on level 1 of the Dungeon.
You visited 1 branch of the dungeon, and saw 1 of its levels.

You collected 58 gold pieces.

Inventory:

Hand Weapons
 h - a +3 short sword of speed
Armour
 a - a +0 robe (worn)
Jewellery
 d - an amulet of magic regeneration (around neck)
Scrolls
 k - a scroll of vulnerability
Potions
 b - a potion of lignification


   Skills:
 * Level 1.8 Fighting
 - Level 1.7 Dodging
 + Level 0.5 Stealth
 + Level 2.8 Unarmed Combat
 - Level 2.1 Spellcasting
 - Level 1.8 Transmutations


You had 4 spell levels left.
You knew the following spells:

 Your Spells              Type           Power      Damage    Failure   Level
a - Beastly Appendage     Tmut           20%        N/A       11%         1

Your spell library contained the following spells:

 Spells                   Type           Power      Damage    Failure   Level
 Wereblood                Tmut           10%        N/A       17%         2
 Spider Form              Tmut/Pois      6%         N/A       43%         3
 Ice Form                 Ice/Tmut       6%         N/A       85%         4


Dungeon Overview and Level Annotations

Branches:
Dungeon (1/15)

Altars:
Trog


Innate Abilities, Weirdness & Mutations

You sometimes gain a little power by taking damage.


Message History

You headbutt the dart slug.
The dart slug is heavily wounded.
The dart slug bites you.
You hit the dart slug. You claw the dart slug.
You kill the dart slug!
Your transformation is almost over.
No target in view!
Your horns disappear.
Your talons disappear.
Trog sends monsters to punish you.
A black bear and 2 polar bears come into view.
There are monsters nearby!
There are monsters nearby!
As you read the scroll labelled RADOECS FYL CYTT, it crumbles to dust.
It is a scroll of identify.
k - a scroll of vulnerability Blink to where?
Press: ? - help, Dir - move target
As you read the scroll labelled HUTYLLICH, it crumbles to dust.
It was a scroll of blinking.
As you read the scroll labelled BUS DAX GAFISM, it crumbles to dust.
It is a scroll of enchant weapon.
Your +2 short sword of speed glows red for a moment.
The polar bear rages.
It was a potion of haste.
You feel yourself speed up.
It was a potion of flight.
You feel very buoyant.
You fly up into the air.
It was a potion of brilliance.
You feel clever all of a sudden. The polar bear misses you.
The polar bear barely misses you. The polar bear claws you.
You hit the polar bear.
The polar bear is lightly wounded.
The polar bear barely misses you. The polar bear claws you.
The polar bear closely misses you.
You barely miss the polar bear.
The polar bear is lightly wounded.
The polar bear bites you!!
Ouch! That really hurt!
You die...

#########
#@.......
#h#############
#h##..........#
#h##.########.#
# #.##.# .#.# #
#.##.# #.#.# #
#.##.# #.#.# #
#....######.#.#
#
####......#.#.#
##


You could see 2 polar bears and a black bear (berserk).

Vanquished Creatures
  2 dart slugs (D:1)
  An endoplasm (D:1)
  A hobgoblin (D:1)
  2 bats (D:1)
  2 frilled lizards (D:1)
  2 goblins (D:1)
  2 kobolds (D:1)
  2 rats (D:1)
14 creatures vanquished.

Notes
Turn   | Place    | Note
-------+----------+-------------------------------------------
     0 | D:1      | Hubjo the Demonspawn Transmuter began the quest for the
                  | Orb.
     0 | D:1      | Reached XP level 1. HP: 15/15 MP: 3/3
   178 | D:1      | Found a faded altar of an unknown god.
   190 | D:1      | Gained mutation: You sometimes gain a little power by
                  | taking damage. [demonic ancestry]
   190 | D:1      | Reached XP level 2. HP: 7/21 MP: 5/5
   193 | D:1      | Prayed at the altar of an unknown god.
   193 | D:1      | Became a worshipper of Trog the Wrathful
   193 | D:1      | Reached * piety under Trog
   393 | D:1      | Was placed under penance by Trog
   444 | D:1      | Fell from the grace of Trog
   515 | D:1      | Noticed a black bear
   515 | D:1      | Noticed a polar bear
   515 | D:1      | Noticed a polar bear
   522 | D:1      | Mangled by a polar bear

Illustrated notes

Levels and vault maps discovered:
D:1:      dpeg_arrival_stonehenge_8_columns, layout_basic,
          hellmonk_ecumenical_altar_lost_god

Action                   || total
-------------------------++-------
Melee: Unarmed           ||    30
       Headbutt          ||     3
       Kick              ||     6
 Cast: Beastly Appendage ||    17
Invok: Renounce Religion ||     1
  Use: Scroll            ||     3
       Potion            ||     3
Armor: Robe              ||     4
Dodge: Dodged            ||    22

Table legend: (Time is in decaauts)
 A = Elapsed time spent in this place.
 B = Non-inter-level travel time spent in this place.
 C = Inter-level travel time spent in this place.
 D = Time resting spent in this place.
 E = Time spent auto-exploring this place.
 F = Levels seen in this place.
 G = Mean time per level.
                   A        B        C        D        E       F      G
               +--------+--------+--------+--------+--------+-----+--------+
         Total |    519 |    517 |      2 |      0 |    409 |   1 |  519.0 |
       Dungeon |    519 |    517 |      2 |      0 |    409 |   1 |  519.0 |
               +--------+--------+--------+--------+--------+-----+--------+

Top non-repeatable levels by time:
     D:1: 519 daAuts
